Map: Cactus Valley LE (Void)

Players

SortOf - Winner!

  • Race: Zerg Zerg
  • Spawn Location: 1:00

Zanster

  • Race: Zerg Zerg
  • Spawn Location: 11:00

Event: IEM XI Katowice - World Championship 2017

VOD

Have the link to the VOD?

Description

Time

  • Played on: Feb. 27, 2017, 11:30 a.m.
  • Length: 8:01

All games in this series

Show
View Real Time Build Order
Export as new Build Order

SortOf Zerg - Winner!

Build Orders: Hatch First 

Get SALT Encoding   

  12  0:00  Drone  
  13  0:12  Overlord  
  13  0:18  Drone  
  14  0:31  Drone x2  
  16  0:38  Drone  
  17  0:52  Hatchery  
  17  0:55  Drone  
  17  0:58  Drone  
  17  1:02  Extractor  
  17  1:06  Drone  
  18  1:17  Spawning Pool  
  17  1:20  Drone  
  18  1:28  Drone  
  19  1:40  Overlord  
  19  1:52  Drone  
  20  2:03  Queen  
  20  2:04  Queen  
  20  2:05  Metabolic Boost, Zergling x4  
  26  2:12  Drone  
  27  2:15  Drone  
  27  2:21  Drone  
  29  2:25  Baneling Nest  
  29  2:28  Drone  
  29  2:35  Zergling x2  
  30  2:40  Zergling x2  
  31  2:48  Overlord  
  31  2:52  Zergling x2  
  31  2:54  Zergling x2  
  32  3:05  Queen  
  32  3:10  Overlord  
  32  3:11  Baneling x2  
  34  3:12  Overlord  
  34  3:15  Drone x3  
  34  3:17  Baneling x2  
  37  3:22  Zergling x4  
  38  3:31  Baneling x2  
  36  3:38  Drone x4  
  36  3:39  Drone  
  41  3:45  Drone x2  
  41  3:48  Drone  
  41  3:53  Zergling x4  
  44  4:01  Drone  
  45  4:03  Zergling x2  
  45  4:04  Zergling x4  
  48  4:14  Hatchery  
  48  4:15  Zergling x2  
  47  4:17  Zergling x2  
  47  4:23  Roach Warren  
  47  4:29  Overlord, Drone x2  
  49  4:32  Extractor, Drone  
  49  4:37  Drone x3  
  52  4:44  Zergling x2  
  52  4:51  Drone  
  51  5:01  Overlord, Drone x2  
  51  5:06  Roach x5  
  63  5:08  Lair  
  63  5:11  Roach  
  63  5:12  Evolution Chamber  
  63  5:16  Roach  
  64  5:22  Roach x2  
  64  5:27  Extractor  
  64  5:28  Roach x3  
  73  5:30  Roach  
  73  5:34  Baneling  
  75  5:37  Zergling x4  
  75  5:38  Zergling x4  
  75  5:40  Baneling  
  79  5:43  Roach  
  78  5:50  Roach  
  78  5:52  Roach  
  78  5:55  Drone  
  78  5:58  Drone x2  
  78  5:59  Drone  
  78  6:02  Overlord, Drone  
  81  6:06  Zerg Missile Weapons Level 1, Overlord  
  81  6:12  Drone  
  81  6:13  Overlord  
  81  6:19  Overlord  
  81  6:21  Glial Reconstitution  
  81  6:22  Drone x2  
  81  6:23  Drone x2  
  81  6:24  Drone  
  86  6:25  Overseer  
  86  6:31  Roach x2  
  90  6:38  Roach x3  
  96  6:41  Drone  
  96  6:42  Drone x2  
  96  6:44  Drone x2  
  101  6:49  Roach x2  
  101  6:51  Overlord  
  105  6:54  Roach  
  105  6:56  Roach  
  105  6:57  Extractor  
  105  6:59  Roach  
  110  7:03  Roach  
  110  7:04  Overlord  
  110  7:05  Overlord  
  112  7:09  Zergling x2  
  112  7:10  Baneling x2  
  112  7:15  Roach x4  
  121  7:22  Roach x2  
  123  7:24  Roach  
  123  7:26  Zergling x10  
  116  7:33  Roach  
  116  7:35  Roach x2  
  119  7:38  Roach  
Show
View Real Time Build Order
Export as new Build Order

Zanster Zerg 

Build Orders: Pool First 

Get SALT Encoding   

  12  0:00  Drone  
  13  0:13  Overlord  
  13  0:17  Drone  
  14  0:31  Drone x2  
  16  0:35  Drone  
  16  0:40  Extractor  
  16  0:46  Drone  
  17  0:52  Spawning Pool  
  16  0:58  Drone  
  17  1:09  Drone  
  18  1:21  Hatchery  
  18  1:25  Drone  
  18  1:31  Drone  
  19  1:39  Queen  
  21  1:46  Metabolic Boost  
  21  1:52  Zergling x2  
  22  1:57  Overlord  
  22  2:04  Baneling Nest  
  22  2:08  Zergling x2  
  22  2:17  Queen  
  24  2:23  Drone  
  24  2:24  Drone  
  26  2:38  Zergling x4  
  28  2:45  Zergling x4  
  31  2:51  Zergling x6  
  31  2:55  Zergling x2  
  34  3:01  Overlord  
  34  3:07  Zergling x2  
  35  3:13  Baneling  
  35  3:14  Baneling  
  35  3:15  Baneling  
  35  3:16  Baneling  
  31  3:29  Drone  
  31  3:30  Drone  
  31  3:32  Drone  
  31  3:37  Overlord  
  31  3:39  Drone x6  
  36  3:51  Baneling x2  
  36  3:57  Roach Warren  
  36  3:59  Extractor  
  36  4:02  Drone  
  35  4:03  Drone x3  
  35  4:09  Drone  
  39  4:11  Overlord  
  39  4:16  Zergling x4  
  39  4:25  Overlord  
  39  4:42  Roach x3  
  39  4:43  Roach x4  
  39  4:45  Baneling  
  52  4:58  Roach x2  
  52  4:59  Zergling x8  
  57  5:03  Baneling  
  57  5:09  Overlord  
  57  5:11  Zergling x6  
  60  5:16  Baneling  
  60  5:18  Zergling x2  
  61  5:24  Zergling x2  
  61  5:25  Zergling x2  
  63  5:30  Baneling x4  
  63  5:32  Zergling x2  
  64  5:36  Overlord  
  64  5:45  Zergling x2  
  64  5:46  Zergling x6  
  63  5:50  Hatchery  
  56  5:57  Drone x4  
  56  5:58  Drone  
  55  6:07  Baneling  
  55  6:10  Roach x2  
  55  6:11  Roach  
  61  6:15  Roach  
  61  6:16  Roach  
  65  6:21  Roach x2  
  69  6:26  Roach x2  
  73  6:33  Overlord  
  73  6:41  Unknown  
  73  6:43  Zergling x2  
  73  6:44  Zergling x12  
  80  6:51  Zergling x2, Ravager  
  82  7:00  Zergling x4  
  83  7:03  Zergling x6  
  83  7:06  Ravager  
  87  7:09  Extractor  
  87  7:11  Zergling x12  
  87  7:13  Overlord  
  87  7:14  Ravager  
  88  7:33  Zergling x10  
  88  7:34  Zergling x4  
  83  7:39  Zergling x4  
  64  7:56  Evolution Chamber  

Tags
 
Add a new tag
Caveats
  • Supply blocks, unpowered buildings, or Contaminate may cause inaccurate times.
  • Supply counts are checked every 10 seconds.